 Dungeon Crawl Stone Soup version 0.26.1-2-gb8aa6d0 (webtiles) character file.

Game seed: 3984681691700687804

76 Nithhogg the Skirmisher (level 4, 0/35 HPs)
             Began as a Human Monk on Mar 30, 2021.
             Slain by an adder (1 damage)
             ... on level 2 of the Dungeon.
             The game lasted 00:02:43 (1890 turns).

Nithhogg the Skirmisher (Human Monk)                Turns: 1890, Time: 00:02:43

Health: 0/35       AC:  2    Str: 12    XL:     4   Next: 57%
Magic:  4/4        EV: 14    Int: 10    God:
Gold:   89         SH:  5    Dex: 16    Spells: 3/3 levels left

rFire    . . .     SeeInvis .   a - +0 hand axe
rCold    . . .     Faith    .   (no shield)
rNeg     + . .     Spirit   .   b - +0 robe
rPois    .         Reflect  +   (no helmet)
rElec    .         Harm     .   (no cloak)
rCorr    .         Rampage  .   (no gloves)
Will     .....                  (no boots)
Stlth    ++........             h - amulet of reflection
HPRegen  0.11/turn              g - ring of positive energy (curse)
MPRegen  0.09/turn              (no ring)

@: no status effects
A: no striking features
a: no special abilities


You were on level 2 of the Dungeon.
You visited 1 branch of the dungeon, and saw 2 of its levels.

You collected 89 gold pieces.

Inventory:

Hand Weapons
 a - a +0 hand axe (weapon)
Armour
 b - a +0 robe (worn)
Jewellery
 g - a cursed ring of positive energy (left hand)
 h - an amulet of reflection (around neck)
 i - an uncursed amulet of guardian spirit
Scrolls
 c - 2 scrolls of enchant weapon {unknown}
Potions
 d - a potion of curing {unknown}
 e - 2 potions of mutation {unknown}
 f - a potion of brilliance {unknown}
 k - a potion of flight {unknown}


   Skills:
 + Level 3.5 Fighting
 + Level 3.5 Axes
 + Level 1.6 Armour
 + Level 3.5 Dodging
 - Level 2.0 Stealth


You had 3 spell levels left.
You didn't know any spells.
Your spell library was empty.

Dungeon Overview and Level Annotations

Branches:
Dungeon (2/15)

Altars:
Sif Muna


Message History

You barely miss the adder. The adder bites you.
* * * LOW HITPOINT WARNING * * *
You barely miss the adder. The adder bites you.
* * * LOW HITPOINT WARNING * * *
You block the adder's attack.
You barely miss the adder. You block the adder's attack.
You hit the adder.
The adder is moderately wounded.
The adder barely misses you.
You miss the adder.
The adder is moderately wounded.
The adder closely misses you. The adder barely misses you.
You miss the adder.
The adder is moderately wounded.
The adder bites you.
* * * LOW HITPOINT WARNING * * *
You closely miss the adder.
The adder is moderately wounded.
The adder bites you.
You die...

#..#...#...#...
#†.........[...
############### ####
#.##.###.#.## # .....
#.##........# # .....#
#....##.##..# #
#?....####.##>##.##..# #
#.....S....##.##.##..###
....#@#.###.##.##....# .
#.......##)###.###
###.######.# #.# # #.#
#.# #.# # #.. ..# #.# #
#### #.### #.... ##### #


You could see an adder.

Vanquished Creatures
  Terence (D:2)
  An adder (D:2)
  An ooze (D:1)
  A dart slug (D:1)
  A leopard gecko (D:1)
  A giant cockroach (D:2)
  6 goblins
  3 hobgoblins
  3 jackals (D:2)
  3 ball pythons (D:1)
  4 bats
  2 frilled lizards (D:1)
  4 kobolds (D:1)
  3 rats
34 creatures vanquished.

Notes
Turn   | Place    | Note
-------+----------+-------------------------------------------
     0 | D:1      | Nithhogg the Human Monk began the quest for the Orb.
     0 | D:1      | Reached XP level 1. HP: 18/18 MP: 1/1
   210 | D:1      | Reached XP level 2. HP: 2/24 MP: 2/2
   632 | D:1      | Reached skill level 1 in Armour
   791 | D:1      | Reached XP level 3. HP: 12/29 MP: 3/3
  1572 | D:2      | Reached XP level 4. HP: 34/35 MP: 4/4
  1722 | D:2      | Found a shimmering blue altar of Sif Muna.
  1852 | D:2      | Noticed Terence
  1883 | D:2      | Killed Terence
  1889 | D:2      | HP: 1/35 [adder (5)]
  1890 | D:2      | Slain by an adder

Illustrated notes

Levels and vault maps discovered:
D:1:      grunt_arrival_crossed_arrows, layout_loops_ring, minmay_tall_x
D:2:      layout_loops_ring, lemuel_coloured_pillars_altar,
          kennysheep_generic_room_10, uniq_terence

Skill      XL: |  1  2 |
---------------+-------+-----
Armour         | 1 |  1.6
Fighting       | |  3.5
Axes           | |  3.5
Dodging        | |  3.5
Stealth        | |  2.0

Action                   |  1- 3 |  4- 6 || total
-------------------------+-------+-------++-------
Melee: Hand axe          |    82 |    46 ||   128
  Use: Scroll            |     2 |       ||     2
 Stab: Sleeping          |     5 |       ||     5
Armor: Robe              |    12 |     1 ||    13
Dodge: Dodged            |    73 |    26 ||    99
Block: Other             |     1 |     7 ||     8
